Map: Ulrena

Players

Slugalisk - Winner!

  • Race: Zerg Zerg
  • League: Gold

LilDicky

  • Race: Terran Terran
  • League: Diamond

VOD

http://www.twitch.tv/tumescentpie

Description

Time

  • Played on: Jan. 1, 2016, 7:29 p.m.
  • Length: 20:04
Show
View Real Time Build Order
Export as new Build Order

Slugalisk Zerg - Winner!

Build Orders: 3 Hatch before Pool 

Get SALT Encoding   

  12  0:01  Drone  
  13  0:12  Drone  
  14  0:16  Drone, Extractor  
  15  0:40  Hatchery  
  14  0:44  Overlord  
  14  0:58  Drone, Extractor  
  14  0:59  Drone, Extractor  
  17  1:04  Drone  
  17  1:10  Drone  
  18  1:30  Drone  
  18  1:32  Hatchery  
  18  1:42  Spawning Pool  
  18  1:44  Drone  
  18  1:47  Drone  
  18  1:53  Drone  
  20  1:54  Drone  
  21  2:03  Drone  
  21  2:04  Drone  
  23  2:10  Extractor  
  23  2:14  Drone  
  23  2:16  Drone  
  24  2:25  Drone x2  
  24  2:29  Queen  
  26  2:36  Overlord  
  28  2:45  Drone x2, Queen  
  28  2:46  Queen  
  34  2:55  Drone x2  
  34  2:56  Drone  
  34  2:57  Drone  
  38  2:58  Drone  
  38  3:04  Extractor  
  38  3:10  Drone x3  
  41  3:17  Overlord  
  41  3:27  Drone  
  42  3:37  Drone  
  42  3:38  Drone x3  
  42  3:39  Overlord  
  42  3:41  Drone x4  
  48  3:45  Metabolic Boost  
  48  3:48  Lair  
  50  3:57  Extractor  
  50  3:58  Drone x4  
  50  3:59  Drone x3, Extractor  
  55  4:04  Overlord  
  55  4:05  Zergling x6  
  55  4:07  Overlord  
  55  4:09  Overlord  
  58  4:21  Overlord  
  58  4:22  Overlord  
  58  4:23  Drone  
  59  4:24  Drone x2  
  59  4:30  Drone  
  59  4:31  Drone  
  63  4:35  Evolution Chamber  
  63  4:36  Overlord  
  63  4:37  Evolution Chamber  
  61  4:41  Drone x4  
  61  4:42  Drone x2  
  64  4:54  Drone x3  
  64  4:55  Spire  
  64  4:57  Extractor  
  64  4:59  Queen x2, Extractor  
  66  5:03  Zerg Melee Weapons Level 1  
  66  5:06  Zerg Ground Armor Level 1  
  68  5:07  Drone  
  68  5:08  Drone  
  68  5:09  Drone  
  68  5:10  Drone  
  72  5:14  Drone x2  
  72  5:15  Drone  
  75  5:22  Zergling x6  
  75  5:23  Zergling x2  
  79  5:28  Overlord  
  79  5:30  Zergling x12  
  85  5:36  Baneling Nest  
  84  5:48  Zergling x8  
  88  5:51  Zergling x2  
  88  5:52  Zergling x6  
  92  5:58  Overlord x3  
  92  6:11  Mutalisk x8, Zerg Flyer Weapons Level 1  
  108  6:20  Mutalisk  
  108  6:21  Mutalisk x3  
  116  6:34  Drone x4  
  120  6:45  Mutalisk x2  
  120  6:46  Mutalisk x2  
  120  7:04  Hatchery  
  116  7:09  Mutalisk x2  
  116  7:10  Mutalisk x2  
  124  7:21  Overlord  
  124  7:22  Overlord x2  
  124  7:26  Drone  
  124  7:27  Drone x3  
  128  7:42  Mutalisk  
  128  7:43  Mutalisk x4  
  138  7:51  Zergling x8  
  139  7:52  Zergling x8  
  146  8:05  Zerg Flyer Armor Level 1  
  142  8:14  Mutalisk x3  
  142  8:15  Mutalisk  
  140  8:40  Mutalisk  
  140  8:41  Mutalisk x3  
  138  9:02  Mutalisk  
  138  9:03  Mutalisk x3  
  138  9:07  Drone  
  138  9:08  Drone x11  
  138  9:09  Extractor  
  157  9:11  Extractor  
  151  9:47  Mutalisk x7  
  165  9:58  Infestation Pit  
  164  10:03  Zerg Flyer Weapons Level 2  
  164  10:16  Zergling x2  
  164  10:17  Zergling x6  
  164  10:18  Overlord  
  164  10:19  Overlord x5  
  168  10:26  Extractor  
  168  10:27  Hatchery  
  166  10:28  Extractor  
  147  11:30  Hive  
  147  11:44  Spire  
  147  11:45  Drone x5  
  147  11:46  Drone  
  152  11:54  Zergling x2  
  152  11:55  Zergling x32  
  152  11:56  Zergling x20  
  149  12:17  Mutalisk x6  
  149  12:18  Mutalisk x6  
  154  12:35  Hatchery  
  135  12:45  Zerg Ground Armor Level 2, Zerg Melee Weapons Level 2  
  135  12:48  Greater Spire  
  133  13:01  Zerg Flyer Weapons Level 3  
  133  13:05  Corruptor  
  133  13:06  Corruptor x7  
  149  13:14  Ultralisk Cavern  
  148  13:22  Drone x3  
  148  13:25  Extractor  
  150  13:28  Extractor  
  147  13:47  Drone x3  
  147  13:48  Drone x3  
  153  14:01  Queen  
  155  14:05  Brood Lord x8  
  171  14:16  Chitinous Plating  
  171  14:18  Ultralisk x4  
  195  14:43  Drone x5  
  200  14:46  Spine Crawler x4  
  200  14:47  Spine Crawler  
  200  14:48  Spine Crawler  
  200  14:49  Spine Crawler x2  
  200  14:50  Spine Crawler  
  190  14:54  Overseer x5  
  168  15:10  Corruptor  
  168  15:11  Corruptor x17  
  174  15:50  Ultralisk x4  
  198  16:09  Brood Lord  
  148  17:27  Corruptor x5  
  136  17:54  Ultralisk x2  
  136  17:55  Ultralisk x3  
  136  17:57  Overlord x4  
  166  17:59  Overseer x4  
  166  18:20  Brood Lord  
  166  18:21  Brood Lord x3  
  166  18:25  Hatchery  
  173  18:28  Corruptor x5  
  173  18:29  Extractor  
  173  18:31  Extractor  
  173  18:32  Hatchery  
  180  18:36  Extractor  
  180  18:37  Extractor  
  172  18:41  Corruptor x5  
  172  18:42  Corruptor  
  184  18:50  Queen  
  184  18:51  Queen x2  
  182  18:58  Corruptor x4  
  182  19:02  Queen  
Show
View Real Time Build Order
Export as new Build Order

LilDicky Terran 

Build Orders: Command Center First (CC), Mech 

Get SALT Encoding   

  12  0:01  SCV  
  13  0:13  SCV  
  14  0:18  Supply Depot  
  14  0:25  SCV  
  15  0:39  SCV  
  16  0:51  SCV  
  17  1:03  Command Center  
  17  1:04  SCV  
  18  1:13  Refinery  
  18  1:18  Refinery  
  18  1:32  Engineering Bay  
  18  1:37  SCV  
  19  1:49  SCV  
  20  2:01  SCV  
  21  2:25  Command Center  
  21  2:30  Barracks  
  21  2:40  Planetary Fortress  
  21  2:45  SCV  
  22  2:57  SCV  
  23  3:09  SCV  
  23  3:10  Command Center  
  24  3:18  SCV  
  25  3:21  Orbital Command  
  25  3:30  SCV  
  26  3:40  Orbital Command  
  26  3:43  SCV, Marine  
  28  3:50  SCV  
  28  3:55  SCV  
  30  4:01  Marine  
  32  4:02  SCV  
  32  4:07  Factory  
  32  4:15  SCV  
  32  4:16  Supply Depot  
  33  4:29  Command Center  
  33  4:30  SCV x2  
  33  4:31  SCV  
  36  4:33  Marine  
  37  4:51  Planetary Fortress  
  37  4:55  Missile Turret  
  37  5:00  SCV x3  
  37  5:02  Factory Tech Lab, Missile Turret  
  37  5:04  Missile Turret  
  37  5:05  Marine  
  41  5:12  SCV x2  
  43  5:16  SCV  
  43  5:17  Refinery  
  43  5:18  Refinery  
  43  5:20  Hi-Sec Auto Tracking  
  44  5:24  SCV  
  44  5:27  Missile Turret  
  44  5:28  SCV x2  
  47  5:36  Cyclone, Missile Turret  
  47  5:41  SCV x2, Factory  
  47  5:42  Factory  
  52  5:48  SCV x2  
  52  5:49  Orbital Command  
  54  5:54  SCV x2  
  56  6:00  SCV  
  56  6:03  Missile Turret  
  57  6:05  SCV  
  57  6:06  SCV  
  59  6:18  Armory  
  59  6:20  Armory  
  59  6:26  Engineering Bay  
  59  6:33  Missile Turret  
  59  6:38  SCV x2  
  61  6:44  Factory Tech Lab  
  61  6:45  Factory Reactor  
  61  6:48  Siege Tank  
  61  6:49  SCV  
  61  6:50  SCV  
  61  6:53  Building Armor  
  66  6:54  SCV  
  66  7:13  Missile Turret x2  
  66  7:19  SCV x3  
  66  7:21  Thor  
  75  7:26  Command Center  
  75  7:28  Widow Mine x2  
  79  7:31  SCV x2  
  79  7:32  Supply Depot  
  79  7:34  Supply Depot  
  81  7:40  Supply Depot, SCV  
  81  7:41  Supply Depot  
  81  7:43  SCV x2  
  84  7:53  Thor, SCV  
  84  7:55  Command Center, SCV  
  84  7:56  Widow Mine x2  
  94  8:13  Missile Turret  
  94  8:14  Missile Turret  
  94  8:15  Missile Turret  
  70  8:43  Thor  
  70  8:44  Thor, Widow Mine x2  
  85  8:52  Missile Turret  
  85  9:00  Missile Turret x2  
  85  9:02  Missile Turret  
  85  9:12  Widow Mine x2  
  73  9:26  Planetary Fortress, Widow Mine x2  
  73  9:29  Missile Turret  
  71  9:51  Command Center, Drilling Claws  
  71  9:53  Terran Vehicle And Ship Armor Level 1  
  71  9:54  SCV x2, Terran Vehicle Weapons Level 1  
  73  10:02  Missile Turret  
  73  10:04  Orbital Command  
  73  10:17  Missile Turret  
  73  10:21  Missile Turret  
  73  10:31  Command Center  
  73  10:32  Missile Turret  
  73  10:36  Missile Turret  
  70  10:53  Thor x2  
  70  10:54  Hellion x2  
  80  11:17  SCV  
  81  11:20  Missile Turret  
  81  11:25  Missile Turret  
  81  11:30  SCV x3  
  84  11:32  Starport  
  84  11:34  Starport  
  84  11:36  Planetary Fortress  
  84  11:42  SCV  
  84  11:43  Missile Turret  
  85  11:48  SCV x2  
  85  11:50  SCV  
  88  11:54  SCV  
  88  11:56  Missile Turret  
  89  12:05  Liberator  
  89  12:09  SCV x3  
  86  12:20  Widow Mine x2  
  86  12:21  Widow Mine  
  79  12:46  Missile Turret  
  79  12:48  Missile Turret  
  79  12:49  Missile Turret x2  
  79  12:50  Thor x2, Missile Turret  
  91  12:51  Missile Turret  
  91  12:53  Hellbat  
  91  12:55  Hellbat  
  95  12:59  Starport Tech Lab  
  95  13:06  Starport Reactor  
  95  13:07  Terran Vehicle Weapons Level 2, Terran Vehicle And Ship Armor Level 2  
  95  13:08  Fusion Core  
  95  13:11  SCV x2  
  97  13:27  Hellion x2  
  97  13:34  Refinery x2  
  101  13:40  Missile Turret  
  94  13:47  Hellion x2  
  98  13:48  Hellion  
  98  13:49  Hellion  
  102  13:58  Liberator x3  
  100  14:14  Hellion x3  
  115  14:20  SCV  
  115  14:21  SCV x3  
  115  14:23  Refinery  
  119  14:25  Refinery  
  119  14:35  Command Center  
  119  14:36  Missile Turret  
  119  14:41  Liberator x2  
  119  14:48  SCV x2  
  119  14:49  Missile Turret  
  119  14:50  Missile Turret  
  121  14:53  Missile Turret  
  121  14:58  Raven  
  100  15:20  Cyclone x2  
  105  15:24  Liberator x3  
  101  15:57  Planetary Fortress  
  101  16:00  Thor x2, Missile Turret  
  105  16:24  Banshee  
  105  16:25  Viking  
  105  16:26  Viking  
  105  16:41  Hellion x2  
  105  16:43  Thor, Hellion  
  108  16:55  Viking  
  110  17:02  Hellion x2  
  110  17:05  Hellion, Liberator x2  
  108  17:08  Liberator  
  94  17:24  Hellion  
  94  17:26  Cyclone  
  90  17:48  Liberator  
  88  18:41  Siege Tank  
  89  18:47  SCV x4, Refinery  
  89  18:48  Refinery  
  91  18:49  SCV  
  79  18:59  SCV  
  73  19:26  Siege Tank x2  
  73  19:28  Hellion x2  
Tags
 
Add a new tag
Caveats
  • Supply blocks, unpowered buildings, or Contaminate may cause inaccurate times.
  • Supply counts are checked every 10 seconds.